 Dungeon Crawl Stone Soup version 0.28-a0-1356-g2ad6d04315 (webtiles) character file.

Game seed: 9671231510045685671

86344 rogsnak the Devastator (level 15, 0/98 HPs)
             Began as a Demonspawn Air Elementalist on Dec 31, 2021.
             Was a High Priest of Sif Muna.
             Slain by a redback (15 damage)
             ... on level 2 of the Spider Nest.
             The game lasted 01:59:51 (31760 turns).

rogsnak the Devastator (DsAE)                      Turns: 31760, Time: 01:59:52

Health: 0/98       AC:  5    Str: 10    XL:     15   Next: 40%
Magic:  34/34      EV: 12    Int: 29    God:    Sif Muna [*****.]
Gold:   2151       SH:  0    Dex: 13    Spells: 14/44 levels left

rFire   . . .      SeeInvis +   L - +8 whip "Snakebite" {venom, curare, rPois}
rCold   . . .      Faith    .   x - +0 buckler
rNeg    . . .      Spirit   .   T - +0 troll leather armour
rPois   +          Reflect  .   a - +1 hat
rElec   .          Harm     .   (no cloak)
rCorr   .          Rampage  .   s - +0 pair of gloves
Will    +....                   (no boots)
Stlth   +.........              C - amulet of magic regeneration
HPRegen 1.06/turn               R - +6 ring of intelligence
MPRegen 0.88/turn               S - ring of see invisible

@: confused, corroded, slowed, very slow
A: antennae 2, molten scales 2, magic regeneration, demonic magic 2
a: Renounce Religion, Channel Magic, Forget Spell, Divine Exegesis


You were on level 2 of the Spider Nest.
You worshipped Sif Muna.
Sif Muna was extremely pleased with you.
You visited 5 branches of the dungeon, and saw 24 of its levels.
You also visited: Ice Cave.

You collected 2437 gold pieces.
You spent 286 gold pieces at shops.

Inventory:

Hand Weapons
 v - the +8 autumn katana {vorpal, manifold assault}
   (You found it on level 5 of the Dungeon)

   It sometimes launches melee attacks against multiple visible enemies.
 J - the +6 short sword of True Grit {flame, rF+ rN+ Will+ Int+2}
   (You found it on level 5 of the Lair of Beasts)

   It burns those it strikes, dealing additional fire damage.
   Int:       It affects your intelligence (+2).
   rF:        It protects you from fire.
   rN:        It protects you from negative energy.
   Will:      It increases your willpower.
 L - the +8 whip "Snakebite" (weapon) {venom, curare, rPois}
   (You found it on level 4 of the Lair of Beasts)

   It poisons the flesh of those it strikes.
   It occasionally inflicts asphyxiating poison on those it strikes, dealing
   poison damage and causing slowness.
   rPois:     It protects you from poison.
 Q - the +10 dark maul {vorpal}
   (You found it on level 6 of the Lair of Beasts)

   It inflicts extra damage upon your enemies.
Missiles
 w - 57 poisoned darts
Armour
 a - a +1 hat (worn)
 c - a +0 robe of the Archmagi
 i - a +0 ring mail of poison resistance
 o - a +2 robe of resistance
 s - a +0 pair of gloves (worn)
 x - a +0 buckler (worn)
 P - a +1 robe of willpower
 T - a +0 troll leather armour (worn)
 X - +0 acid dragon scales
Magical Staves
 N - a staff of conjuration
Jewellery
 b - a ring of protection from cold
 e - a ring of poison resistance
 u - an amulet of regeneration
 y - a +4 ring of slaying
 C - an amulet of magic regeneration (around neck)
 R - a +6 ring of intelligence (left hand)
 S - a ring of see invisible (right hand)
Wands
 d - a wand of charming (4)
 m - a wand of iceblast (15)
 G - a wand of acid (16)
 U - a wand of mindburst (7)
 V - a wand of paralysis (7)
 Y - a wand of digging (1)
 Z - a wand of flame (34)
Scrolls
 j - 7 scrolls of teleportation
 k - a scroll of immolation
 r - 6 scrolls of amnesia
 A - 4 scrolls of enchant armour
 E - a scroll of summoning
 H - 4 scrolls of fog
 K - 3 scrolls of blinking
 M - 3 scrolls of magic mapping
 W - a scroll of fear
Potions
 g - 15 potions of curing
 h - a potion of cancellation
 n - 3 potions of might
 p - 5 potions of mutation
 q - 6 potions of heal wounds
 t - a potion of magic
 z - 4 potions of invisibility
 B - 3 potions of resistance
 F - 5 potions of flight
 I - 6 potions of haste
Miscellaneous
 f - a tin of tremorstones (2/2)
 l - a phantom mirror
 D - a phial of floods
 O - a condenser vane


   Skills:
 + Level 3.1 Fighting
 - Level 1.3 Long Blades
 + Level 1.4 Staves
 + Level 2.8 Armour
 + Level 3.9 Dodging
 - Level 2.0 Stealth
 + Level 1.4 Shields
 + Level 15.0 Spellcasting
 * Level 16.0 Conjurations
 + Level 13.9 Air Magic
 + Level 0.5 Evocations


You had 14 spell levels left.
You knew the following spells:

 Your Spells              Type           Power      Damage    Failure   Level
a - Shock                 Conj/Air       100%       1d9       0%          1
b - Swiftness             Air            80%        N/A       1%          3
c - Airstrike             Air            40%        N/A       1%          4
d - Mephitic Cloud        Conj/Pois/Air  68%        N/A       1%          3
e - Sticky Flame          Conj/Fire      62%        2d8       1%          4
f - Freezing Cloud        Conj/Ice/Air   34%        6-21      1%          5
g - Lightning Bolt        Conj/Air       41%        1d60      1%          5
h - Iskenderun's Battles  Conj           86%        2d13      1%          5

Your spell library contained the following spells:

 Spells                   Type           Power      Damage    Failure   Level
 Magic Dart               Conj           100%       1d8       0%          1
 Searing Ray              Conj           100%       2d8       0%          2
 Static Discharge         Conj/Air       83%        N/A       0%          2
 Foxfire                  Conj/Fire      100%       2x1d9     1%          1
 Conjure Flame            Conj/Fire      62%        6-21      1%          3
 Flame Wave               Conj/Fire      62%        2d10      1%          4
 Fulminant Prism          Conj/Hex       31%        3d16      1%          4
 Iskenderun's Mystic Bla  Conj/Tloc      62%        2d13      1%          4
 Summon Lightning Spire   Summ/Air       58%        N/A       2%          4
 Apportation              Tloc           42%        N/A       4%          1
 Orb of Destruction       Conj           43%        9d14      4%          7
 Scorch                   Fire           42%        2d7       6%          2
 Ignite Poison            Fire/Tmut/Pois 21%        N/A       12%         3
 Portal Projectile        Hex/Tloc       42%        N/A       12%         3
 Teleport Other           Tloc           21%        N/A       12%         3
 Tukima's Dance           Hex            21%        N/A       12%         3
 Passage of Golubria      Tloc           21%        N/A       38%         4
 Alistair's Intoxication  Tmut/Pois      14%        N/A       75%         5
 Manifold Assault         Tloc           21%        N/A       75%         5
 Metabolic Englaciation   Hex/Ice        10%        N/A       75%         5
 Yara's Violent Unravell  Hex/Tmut       10%        3d6       75%         5
 Summon Cactus Giant      Summ           10%        N/A       99%         6
 Disjunction              Tloc           10%        N/A       100%        8
 Infestation              Necr           10%        N/A       100%        8
 Lehudib's Crystal Spear  Conj/Erth      31%        10d8      100%        8
 Fire Storm               Conj/Fire      31%        8d8       100%        9


Dungeon Overview and Level Annotations

Branches:
Dungeon (13/15)            Temple (1/1) D:5            Lair (6/6) D:11
 Shoals (0/4) Lair:4       Spider (2/4) Lair:4        Slime (0/5) Lair:6
    Orc (2/2) D:10            Elf (0/3) Orc:2         IceCv (visited)
 Vaults: D:13-14

Altars:
Ashenzari
Cheibriados
Dithmenos
Elyvilon
Fedhas
Gozag
Hepliaklqana
Kikubaaqudgha
Makhleb
Nemelex Xobeh
Okawaru
Qazlal
Ru
Sif Muna
Trog
Uskayaw
Vehumet
Wu Jian
Xom
Yredelemnul
Zin
The Shining One
Beogh

Shops:
D:3 *   D:9 (*   Orc:2 [[=?

Annotations:
D:5 wall cache - Autum Katana
D:9 3 runed translucent doors, jtrev's ghost, journeyman GrBe
D:12 2 transporters, mordus's ghost, journeyman GnFi
D:13 Jorgrun
Spider:2 Donald


Innate Abilities, Weirdness & Mutations

You have a pair of antennae on your head.
You are mostly covered in molten scales. (AC +3)
You regenerate magic rapidly.
Spells you cast may paralyse nearby enemies.


Message History

a +0 hand axe; a +0 leather armour You see here a culicivora corpse.
There is a stone staircase leading down, spattered with blood here.
You climb downwards.
Level annotation: Donald The meliai buzzes angrily.
The jumping spider hisses angrily.
The demonic crawler gives a hideous shriek!
The entropy weaver shouts!
The tarantella hisses angrily.
You hear a chilling moan.
Being near the torpor snail leaves you feeling lethargic.
The jumping spider leaps!
There is a stone staircase leading up, spattered with blood here.
Unknown command.
The tarantella touches you!
You are confused.
The demonic crawler misses you. The demonic crawler hits you.
The demonic crawler hits you but does no damage.
The redback misses you. The redback barely misses you.
The entropy weaver points at you and mumbles some strange words.
The entropic weave corrodes you! The tarantella barely misses you.
The demonic crawler hits you! x2; The demonic crawler hits you.
The jumping spider leaps!
The redback misses you. The tarantella touches you!
You are more confused.
In your confused state, you trip and fall back down the stairs.
The jumping spider leaps!
The redback misses you. The redback bites you! The demonic crawler misses you.
The demonic crawler hits you. The demonic crawler barely misses you.
A culicivora comes into view.
The redback bites you but does no damage. x2
The redback barely misses you. The redback bites you.
The demonic crawler hits you but does no damage.
The demonic crawler closely misses you. The demonic crawler misses you.
The jumping spider leaps!
The redback bites you!
* * * LOW HITPOINT WARNING * * *
The meliai mumbles some strange prayers to its god against you.
Something smites you!
* * * LOW HITPOINT WARNING * * *
The redback bites you but does no damage.
The redback bites you!
You die...

#######
#.^..........
^......#
.#........#..
. ........
............
.. ........
...........
... ........
........ s...
..s.....
...w.#s....
s.s.Bs.<
##.ssBw....
........
#..@ssy.B.^
.......#
#..ssss..○..
.....#.
###.yys.....
...sy..
##........
.......
#....s... #..
... ....^..^.
.......
s........
.#....^#.


You could see a steelbarb worm, a ghost moth (invisible), an entropy weaver, a
torpor snail, a demonic crawler, a pharaoh ant, 2 culicivoras, 2 jumping
spiders, a tarantella, 7 redbacks and 2 meliai.

Vanquished Creatures
  Gastronok (D:12)
  Frances (D:13)
  A frost giant (IceCv)
  A broodmother (Spider:1)
  An entropy weaver (Spider:1)
  Nessos (Lair:4)
  Snorg (D:12)
  An ettin (Orc:2)
  A fire dragon (Lair:6)
  Harold (D:9)
  Erolcha (D:10)
  2 boulder beetles
  3 hydras
  3 ogre magi (Orc:2)
  A radroach (Spider:1)
  2 centaur warriors (D:8)
  4 two-headed ogres
  A death knight (D:8)
  4 death yaks (IceCv)
  An orc high priest (D:9)
  Nergalle (Orc:2)
  2 fire crabs
  A pharaoh ant (Spider:1)
  2 steelbarb worms (Spider:1)
  5 orb spiders (Spider:1)
  A deep elf pyromancer (D:12)
  9 orc sorcerers
  An orc knight (D:10)
  5 wolf spiders (Spider:1)
  2 ugly things
  2 oklob plants (Lair:6)
  2 manticores
  8 elephants
  4 black mambas
  3 molten gargoyles (Lair:6)
  An ice statue (IceCv)
  Maurice (D:12)
  6 cane toads
  A torpor snail (Spider:2)
  Maggie (D:9)
  14 komodo dragons
  3 demonic crawlers (Spider:1)
  5 kobold demonologists
  Psyche (D:10)
  12 rime drakes
  4 meliai
  6 polar bears
  10 slime creatures
  7 tarantellas
  6 trolls
  12 blink frogs
  2 hornets (D:10)
  9 culicivoras (Spider:1)
  10 jumping spiders
  30 yaks
  A shadow (D:11)
  11 wyverns
  6 basilisks
  16 redbacks
  4 steam dragons
  Grum (D:9)
  4 vampire mosquitoes
  4 acid dragons
  14 water moccasins
  4 hell hounds (Lair:6)
  9 orc warriors
  An ice beast (D:10)
  A sky beast (D:6)
  An ogre (D:7)
  A black bear (D:6)
  5 necrophages
  13 wolves
  7 centaurs
  2 phantoms
  2 kobold brigands
  10 bullfrogs
  6 scorpions
  4 wyvern zombies
  2 gnoll sergeants (D:5)
  A water moccasin skeleton (D:5)
  21 wights
  7 howler monkeys
  18 killer bees
  2 electric eels (D:10)
  3 bullfrog zombies
  7 centaur zombies
  5 lava snakes (Lair:6)
  6 hounds
  2 jellies
  2 centaur skeletons
  12 orc priests
  Jessica (D:3)
  7 iguanas
  28 orc wizards
  A killer bee zombie (D:8)
  A centaur simulacrum (D:10)
  A hound skeleton (D:5)
  A howler monkey zombie (D:6)
  Robin (D:3)
  7 gnolls
  8 adders
  A shadow imp (D:8)
  A howler monkey simulacrum (D:10)
  5 white imps
  2 worms (D:3)
  2 dart slugs
  58 orcs
  9 ball pythons
  7 endoplasms
  A giant cockroach (D:2)
  16 goblins
  12 hobgoblins
  4 jackals (D:4)
  3 quokkas
  8 bats
  A frilled lizard (D:2)
  8 kobolds
  5 rats
  A bush (Lair:1)
636 creatures vanquished.

Vanquished Creatures (collateral kills)
  A tarantella (Spider:2)
1 creature vanquished.

Vanquished Creatures (others)
  An unseen horror (D:10)
  A redback (Spider:2)
  4 bushes (D:11)
  A butterfly (D:10)
  20 fungi
  54 plants
  2 withered plants (D:7)
83 creatures vanquished.

Grand Total: 720 creatures vanquished

Notes
Turn   | Place    | Note
-------+----------+-------------------------------------------
     0 | D:1      | rogsnak the Demonspawn Air Elementalist began the quest for
                  | the Orb.
     0 | D:1      | Reached XP level 1. HP: 13/13 MP: 3/3
   342 | D:1      | Gained mutation: You are partially covered in molten
                  | scales. (AC +2) [demonic ancestry]
   342 | D:1      | Reached XP level 2. HP: 19/19 MP: 3/5
   392 | D:1      | Found a faded altar of an unknown god.
  1326 | D:2      | Reached XP level 3. HP: 24/24 MP: 4/6
  1386 | D:2      | You fall into a shaft and drop 2 floors!
  1400 | D:4      | Reached skill level 2 in Conjurations
  1468 | D:4      | Gained mutation: Spells you cast may paralyse adjacent
                  | enemies. [demonic ancestry]
  1468 | D:4      | Reached XP level 4. HP: 27/30 MP: 3/7
  1627 | D:4      | Noticed a phantom
  1647 | D:4      | Killed a phantom
  1648 | D:4      | Reached skill level 3 in Conjurations
  1648 | D:4      | Reached XP level 5. HP: 36/36 MP: 1/9
  1734 | D:4      | Found a snail-covered altar of Cheibriados.
  1876 | D:3      | Noticed Robin
  2572 | D:2      | Reached XP level 6. HP: 39/42 MP: 6/10
  2822 | D:2      | Reached skill level 4 in Conjurations
  2879 | D:3      | Learned a level 3 spell: Swiftness
  2884 | D:3      | Learned a level 4 spell: Airstrike
  3148 | D:3      | Found Zuvim's General Store.
  3360 | D:3      | Noticed Jessica
  3363 | D:3      | Killed Jessica
  3416 | D:3      | Killed Robin
  4034 | D:4      | Found a sacrificial altar of Ru.
  4042 | D:4      | Became a worshipper of Ru the Awakened
  4432 | D:5      | Entered Level 5 of the Dungeon
  4464 | D:5      | Found the +8 autumn katana {vorpal, manifold assault}
  4546 | D:4      | Gained mutation: Spells you cast may paralyse nearby
                  | enemies. [demonic ancestry]
  4546 | D:4      | Reached XP level 7. HP: 38/47 MP: 2/13
  4740 | D:4      | Reached skill level 5 in Conjurations
  5322 | D:5      | Reached skill level 1 in Fighting
  5547 | D:5      | Reached skill level 6 in Conjurations
  5547 | D:5      | Gained mutation: You have a pair of small antennae on your
                  | head. [demonic ancestry]
  5547 | D:5      | Reached XP level 8. HP: 51/54 MP: 7/15
  5659 | D:5      | Found a staircase to the Ecumenical Temple.
  5668 | Temple   | Entered the Ecumenical Temple
  6132 | D:5      | Reached skill level 5 in Spellcasting
  6509 | D:6      | Reached skill level 5 in Air Magic
  6678 | D:6      | Reached skill level 1 in Long Blades
  6958 | D:6      | Reached skill level 7 in Conjurations
  7372 | D:6      | Reached XP level 9. HP: 43/59 MP: 12/18
  7376 | D:6      | Learned a level 3 spell: Mephitic Cloud
  7734 | D:7      | Noticed a two-headed ogre
  7926 | D:7      | Reached skill level 8 in Conjurations
  8401 | D:7      | Reached skill level 9 in Conjurations
  8631 | D:7      | Found a sparkling altar of Nemelex Xobeh.
  9108 | D:7      | Killed a two-headed ogre
  9109 | D:7      | Reached skill level 10 in Conjurations
  9109 | D:7      | Reached XP level 10. HP: 65/67 MP: 15/21
  9163 | D:7      | Found a stormy altar of Qazlal.
  9163 | D:7      | Found a shimmering blue altar of Sif Muna.
  9163 | D:7      | Found a hide-covered altar of Uskayaw.
  9167 | D:7      | Fell from the grace of Ru
  9167 | D:7      | Became a worshipper of Sif Muna the Loreminder
  9307 | D:7      | Found an iron altar of Okawaru.
  9466 | D:8      | Found an ornate altar of the Wu Jian Council.
 10069 | D:8      | Found a basalt altar of Yredelemnul.
 10656 | D:8      | Reached * piety under Sif Muna
 10714 | D:8      | Found an ancient bone altar of Kikubaaqudgha.
 10884 | D:8      | Noticed a centaur warrior
 10884 | D:8      | Noticed a death knight
 10887 | D:8      | Noticed a manticore
 11004 | D:9      | Noticed Harold
 11024 | D:9      | Found Egie's Antique Weapon Shop.
 11147 | D:9      | Noticed Grum
 11182 | D:9      | Killed Grum
 11353 | D:9      | Found a shadowy altar of Dithmenos.
 11383 | D:9      | Reached skill level 11 in Conjurations
 11631 | D:9      | Noticed a spectral centaur warrior
 11637 | D:9      | Found a runed translucent gate.
 11638 | D:9      | Found a runed translucent gate.
 11638 | D:9      | Found a runed translucent gate.
 11643 | D:9      | Noticed jtrev's ghost (journeyman GrBe)
 11783 | D:9      | Noticed a fire crab
 11900 | D:9      | Found a transporter.
 11907 | D:9      | Noticed an orc high priest
 11921 | D:9      | Found a transporter.
 12286 | D:9      | Learned a level 4 spell: Sticky Flame
 12292 | D:9      | Learned a level 5 spell: Freezing Cloud
 12535 | D:9      | Found Vacam's CLEARANCE SALE!.
 12549 | D:9      | Killed Harold
 12556 | D:9      | Bought a scroll of teleportation for 12 gold pieces
 12556 | D:9      | Bought a potion of haste for 40 gold pieces
 12653 | D:10     | Entered Level 10 of the Dungeon
 12683 | D:10     | Found a staircase to the Orcish Mines.
 12726 | D:10     | Noticed a two-headed ogre
 12735 | D:10     | Killed a two-headed ogre
 12736 | D:10     | Reached XP level 11. HP: 72/72 MP: 5/23
 13036 | D:10     | Noticed Erolcha
 13130 | D:10     | Reached ** piety under Sif Muna
 13276 | D:10     | Noticed Psyche
 13300 | D:10     | Killed Psyche
 13580 | D:10     | Killed Erolcha
 13581 | D:10     | Reached skill level 12 in Conjurations
 13903 | D:11     | Noticed a two-headed ogre
 13913 | D:11     | Killed a two-headed ogre
 14076 | D:11     | Noticed a boulder beetle
 14193 | D:11     | Killed a boulder beetle
 14194 | D:11     | Reached skill level 10 in Spellcasting
 14495 | D:11     | Found a staircase to the Lair.
 14608 | D:12     | Reached XP level 12. HP: 80/80 MP: 4/26
 14774 | D:12     | Noticed a four-headed hydra
 14842 | D:12     | Reached *** piety under Sif Muna
 14862 | D:12     | Noticed Maurice
 14874 | D:12     | Killed Maurice
 14875 | D:12     | Reached skill level 1 in Armour
 15015 | D:12     | Killed a four-headed hydra
 15182 | D:12     | Reached skill level 13 in Conjurations
 15299 | D:12     | Noticed a two-headed ogre
 15304 | D:12     | Killed a two-headed ogre
 15459 | D:12     | Noticed a two-headed ogre
 15460 | D:12     | Noticed a two-headed ogre
 15462 | D:12     | Noticed mordus's ghost (journeyman GnFi)
 15462 | D:12     | Noticed a tengu warrior
 15463 | D:12     | Noticed a two-headed ogre
 15463 | D:12     | Noticed a two-headed ogre
 15465 | D:12     | Found a bloodstained altar of Trog.
 15465 | D:12     | Found a transporter.
 15488 | D:12     | Found a transporter.
 15517 | D:12     | Noticed Gastronok
 15603 | D:12     | Killed Gastronok
 15697 | D:12     | Noticed Snorg
 15739 | D:12     | Killed Snorg
 15909 | D:8      | Noticed a death knight
 16082 | D:8      | Killed a centaur warrior
 16083 | D:8      | Reached skill level 10 in Air Magic
 16256 | D:8      | Killed a death knight
 16346 | D:8      | Noticed a centaur warrior
 16364 | D:8      | Killed a centaur warrior
 16499 | Orc:1    | Entered Level 1 of the Orcish Mines
 16787 | Lair:1   | Entered Level 1 of the Lair of Beasts
 17085 | Lair:1   | Gained mutation: You have a pair of antennae on your head.
                  | [demonic ancestry]
 17085 | Lair:1   | Reached XP level 13. HP: 72/85 MP: 9/28
 18683 | Lair:3   | Reached **** piety under Sif Muna
 19199 | Lair:4   | Reached skill level 14 in Conjurations
 19365 | Lair:4   | Reached skill level 1 in Staves
 19468 | Lair:4   | Reached skill level 1 in Shields
 19675 | Lair:4   | Found a staircase to the Shoals.
 19794 | Lair:4   | Noticed Nessos
 19807 | Lair:4   | Killed Nessos
 20298 | Lair:4   | Found the +8 whip "Snakebite" {venom, curare, rPois}
 20684 | Lair:4   | Found a hole to the Spider Nest.
 20799 | Lair:5   | Learned a level 5 spell: Lightning Bolt
 20914 | Lair:5   | Identified the +6 short sword of True Grit {flame, rF+ rN+
                  | Will+ Int+2}
 21309 | Lair:5   | Identified the +10 whip of Atifroko {holy, Will+}
 21789 | Lair:6   | Entered Level 6 of the Lair of Beasts
 21947 | Lair:6   | Found a frozen archway.
 21980 | IceCv    | Entered an ice cave
 21983 | IceCv    | Reached ***** piety under Sif Muna
 22161 | IceCv    | Received a gift from Sif Muna
 22268 | IceCv    | Gained mutation: You are mostly covered in molten scales.
                  | (AC +3) [demonic ancestry]
 22268 | IceCv    | Reached XP level 14. HP: 45/91 MP: 24/31
 23374 | IceCv    | Noticed a frost giant
 23442 | IceCv    | Killed a frost giant
 23540 | IceCv    | Reached skill level 15 in Conjurations
 24005 | D:9      | Noticed Maggie
 24009 | D:9      | Killed Maggie
 24737 | D:13     | Noticed Frances
 24745 | D:13     | Killed Frances
 24763 | D:13     | Noticed Jorgrun
 25049 | Lair:6   | Found the +10 dark maul {vorpal}
 25306 | Lair:6   | Found a staircase to the Slime Pits.
 25684 | Lair:6   | Received a gift from Sif Muna
 25685 | Lair:6   | Got Sif Muna's Handbook of Lethal Fascination {god gift}
 25784 | Lair:6   | Found a large runed translucent door.
 25785 | Lair:6   | Found a large runed translucent door.
 27245 | Orc:2    | Entered Level 2 of the Orcish Mines
 27605 | Orc:2    | Found a staircase to the Elven Halls.
 27719 | Orc:2    | Received a gift from Sif Muna
 27732 | Orc:2    | Got Gell's Grimoire of the Compass {god gift}
 27929 | Orc:2    | Found Pifyveje's Magic Scroll Emporium.
 27954 | Orc:2    | Found Polirea's Antique Armour Shoppe.
 28017 | Orc:2    | Found a radiant altar of Vehumet.
 28051 | Orc:2    | Found Faim's Antique Armour Shoppe.
 28065 | Orc:2    | Paralysed by an ogre mage for 3 turns
 28066 | Orc:2    | Noticed Nergalle
 28084 | Orc:2    | Killed Nergalle
 28298 | Orc:2    | Paralysed by an orc sorcerer for 2 turns
 28371 | Orc:2    | Bought a spiked ring mail for 234 gold pieces
 28371 | Orc:2    | Identified the +1 ring mail "Wirio" {Int+3} (You bought it
                  | in a shop on level 2 of the Orcish Mines)
 28375 | Orc:2    | Found an ancient bone altar of Kikubaaqudgha.
 28434 | Orc:2    | Found Juforhag's Jewellery Shoppe.
 28695 | Spider:1 | Entered Level 1 of the Spider Nest
 28827 | Spider:1 | Noticed a broodmother
 28833 | Spider:1 | Killed a broodmother
 28834 | Spider:1 | Gained mutation: You regenerate magic rapidly. [demonic
                  | ancestry]
 28834 | Spider:1 | Reached XP level 15. HP: 95/98 MP: 1/33
 31028 | Spider:2 | Noticed Donald
 31033 | Spider:2 | Reached skill level 16 in Conjurations
 31195 | Spider:2 | Noticed a ghost moth
 31204 | Spider:1 | Received a gift from Sif Muna
 31205 | Spider:1 | Got Sif Muna's Tome of Blows and Bruises {god gift}
 31212 | Spider:1 | Learned a level 5 spell: Iskenderun's Battlesphere
 31605 | Spider:1 | Reached skill level 15 in Spellcasting
 31760 | Spider:2 | Slain by a redback

Illustrated notes

Levels and vault maps discovered:
D:1:      dpeg_arrival_circle_labyrinth_a, layout_loops_ring,
          hellmonk_ecumenical_altar_heavens_door
D:2:      layout_rooms
D:3:      layout_rooms, serial_shops, shop_statue, uniq_robin, uniq_jessica
D:4:      layout_gridville, nicolae_ru_path_of_blood, mainiacjoe_overflow_paths
D:5:      layout_gridville, minmay_temple_entry_waves, sword_in_stone
D:6:      layout_loops_ring
D:7:      layout_basic, marbit_many_paths, general_overflow_altar,
          okawaru_gym_becter, gammafunk_temple_overflow_forgotten,
          serial_undead, serial_undead_c, serial_undead_d, serial_undead_e,
          serial_undead_b, minmay_chambers_of_fives
D:8:      minmay_blocky_corners, layout_loops_ring,
          nicolae_yredelemnul_corpse_copse, mainiacjoe_overflow_24_doors,
          nicolae_kikubaaqudgha_miasma_corner
D:9:      gammafunk_wand_slinger, layout_loops_cross,
          nicolae_dithmenos_through_a_glass_darkly, serial_shops, shop,
          gammafunk_ghost_necromancy, minivault_10, minmay_misc_feat_alley,
          nicolae_shop_clearance, uniq_maggie, uniq_grum, uniq_harold
D:10:     layout_rooms, nicolae_elyvilon_peaceful_grove, serial_ice,
          serial_ice_i, serial_ice_d, serial_ice_g, serial_ice_c, minmay_puff,
          uniq_erolcha, uniq_psyche
D:11:     layout_rooms, minmay_lair_entry_grove
D:12:     layout_rooms, serial_aquarium, aquarium_bridge_island_small
          [aquarium_subvault_small_water, aquarium_subvault_bridge,
          aquarium_subvault_bridge, aquarium_subvault_wall,
          aquarium_subvault_balcony], aquarium_bridge_straight
          [aquarium_subvault_bridge, aquarium_subvault_balcony,
          aquarium_subvault_bridge, aquarium_subvault_window],
          aquarium_window_fake, aquarium_window_1, aquarium_window_2,
          aquarium_window_2, aquarium_view_2c, aquarium_pool_1,
          gammafunk_ghost_wrathful_warriors, uniq_maurice, uniq_snorg,
          uniq_gastronok
D:13:     layout_cave_pools, grunt_vaults_entry_tiered, roderic_roman_lattice,
          uniq_jorgrun, uniq_frances
Temple:   jpeg_temple_island
Lair:1:   layout_loops_ring, minmay_holes
Lair:2:   layout_regular_city
Lair:3:   layout_regular_city, beast_lair_carwin_3
Lair:4:   minmay_guarded_unrand_snakebite, layout_regular_city,
          minmay_shoals_entry_centaurs, spider_nest_entry_funnel_web,
          grunt_megastairs_4, infiniplex_staircase_pool, uniq_nessos
Lair:5:   layout_small_grid, serial_bayou_shore_b
Lair:6:   cheibrodos_lair_end_hotspot, layout_long_grid,
          minmay_slime_entry_oklob_open, portal_ice_cave_entry_pillars_2,
          chequers_serial_rivers_large_b
Spider:1: layout_spider_delve, hangedman_spider_tarantella_strand
Spider:2: gammafunk_boulding_lane, uniq_donald
Orc:1:    layout_caves
Orc:2:    kennysheep_orc_mage_school, layout_caves

Skill      XL: |  1  2  3  4  5  6  7  8  9 10 11 12 13 14 15 |
---------------+----------------------------------------------+-----
Air Magic      | 3 4 5 6 7 8 10 11 13 | 13.9
Conjurations   | 2 3 4 6 7 10 11 12 13 14 15 16 | 16.0
Spellcasting   | 3 4 6 7 8 10 11 13 14 15 | 15.0
Dodging        | 2 3 |  3.9
Stealth        | 2 |  2.0
Fighting       | 1 2 3 |  3.1
Long Blades    | 1 |  1.3
Armour         | 2 |  2.8
Staves         | 1 |  1.4
Shields        | 1 |  1.4
Evocations     | |  0.5

Action                   |  1- 3 |  4- 6 |  7- 9 | 10-12 | 13-15 || total
-------------------------+-------+-------+-------+-------+-------++-------
Melee: Club              |     6 |     1 |       |       |       ||     7
       Unarmed           |     1 |       |       |       |       ||     1
       Spear             |       |    14 |     1 |       |       ||    15
       Long sword        |       |       |    39 |       |       ||    39
       Mace              |       |       |     3 |    80 |       ||    83
       Flail             |       |       |     3 |       |       ||     3
       Staff             |       |       |       |       |    31 ||    31
       Whip              |       |       |       |       |    62 ||    62
       Katana            |       |       |       |       |     7 ||     7
 Cast: Shock             |    53 |   171 |   304 |   408 |   205 ||  1141
       Airstrike         |       |       |     2 |    77 |   251 ||   330
       Mephitic Cloud    |       |       |       |    54 |    57 ||   111
       Sticky Flame      |       |       |       |    57 |    82 ||   139
       Freezing Cloud    |       |       |       |    17 |    92 ||   109
       Lightning Bolt    |       |       |       |       |    32 ||    32
       Swiftness         |       |       |       |       |     1 ||     1
       Iskenderun's Batt |       |       |       |       |     1 ||     1
Evoke: Wand              |       |       |       |       |     3 ||     3
  Use: Scroll            |       |     2 |       |     1 |    25 ||    28
       Potion            |       |     1 |       |       |     1 ||     2
 Stab: Paralysed         |       |     5 |    20 |    37 |    35 ||    97
       Confused          |       |       |       |     4 |       ||     4
       Sleeping          |       |       |       |       |     1 ||     1
Armor: Robe              |     4 |    20 |    23 |    32 |    32 ||   111
       Troll leather arm |       |       |       |    22 |    31 ||    53
Dodge: Dodged            |    15 |    46 |    54 |   136 |   126 ||   377
Block: Buckler           |       |       |       |    12 |    36 ||    48

Table legend: (Time is in decaauts)
 A = Elapsed time spent in this place.
 B = Non-inter-level travel time spent in this place.
 C = Inter-level travel time spent in this place.
 D = Time resting spent in this place.
 E = Time spent auto-exploring this place.
 F = Levels seen in this place.
 G = Mean time per level.
                   A        B        C        D        E       F      G
               +--------+--------+--------+--------+--------+-----+--------+
         Total |  31961 |  29833 |   2128 |   9378 |  11569 |  25 | 1278.4 |
       Dungeon |  17793 |  16806 |    987 |   5487 |   6053 |  13 | 1368.7 |
        Temple |    409 |    409 |      0 |    132 |    241 |   1 |  409.0 |
          Lair |   7149 |   6483 |    666 |   1192 |   3651 |   6 | 1191.5 |
   Spider Nest |   3033 |   2590 |    443 |   1093 |    923 |   2 | 1516.5 |
  Orcish Mines |   1801 |   1770 |     31 |    518 |    484 |   2 |  900.5 |
      Ice Cave |   1774 |   1774 |      0 |    956 |    217 |   1 | 1774.0 |
               +--------+--------+--------+--------+--------+-----+--------+

Top non-repeatable levels by time:
Spider:1: 2979 daAuts
     D:9: 2558 daAuts
     D:4: 2013 daAuts
     D:8: 1915 daAuts
   IceCv: 1774 daAuts
  Lair:4: 1741 daAuts
     D:7: 1694 daAuts
  Lair:6: 1671 daAuts
    D:10: 1656 daAuts
     D:1: 1644 daAuts
     D:6: 1351 daAuts
    D:12: 1285 daAuts
   Orc:2: 1254 daAuts
  Lair:5: 1039 daAuts
    D:11: 1005 daAuts
